 Dungeon Crawl Stone Soup version 0.26.1-11-gd32895ea62 (webtiles) character file.

Game seed: 1461674327424830166

426 Zeld the Caller (level 6, -3/36 HPs)
             Began as an Octopode Summoner on May 10, 2021.
             Was an Initiate of Gozag.
             Slain by an orc priest
             ... wielding a +0 whip
              (5 damage)
             ... on level 6 of the Dungeon.
             The game lasted 00:11:42 (7137 turns).

Zeld the Caller (Octopode Summoner)                 Turns: 7137, Time: 00:11:43

Health: -3/36      AC:  1    Str:  8    XL:     6   Next: 97%
Magic:  11/11      EV: 14    Int: 19    God:    Gozag
Gold:   233        SH:  0    Dex: 12    Spells: 3/12 levels left

rFire    . . .     SeeInvis .   a - +0 hand axe
rCold    . . .     Faith    .   (no shield)
rNeg     . . .     Spirit   .   (helmet restricted)
rPois    .         Reflect  .   (no amulet)
rElec    .         Harm     .   (no ring)
rCorr    .         Rampage  .   (no ring)
Will     .....                  (no ring)
Stlth    +++.......             (no ring)
HPRegen  0.12/turn              (no ring)
MPRegen  0.12/turn              (no ring)
                                (no ring)
                                (no ring)

@: no status effects
A: almost no armour, stealthy swim, amphibious, 8 rings, constrict 8, camouflage
1, gelatinous body 1
a: Renounce Religion, Potion Petition, Call Merchant, Bribe Branch


You were on level 6 of the Dungeon.
You worshipped Gozag.
Gozag was aware of your devotion.
You visited 2 branches of the dungeon, and saw 7 of its levels.

You collected 385 gold pieces.
You paid 152 gold pieces to Gozag.

Inventory:

Hand Weapons
 a - a +0 hand axe (weapon)
Jewellery
 m - an uncursed ring of protection from fire {unknown}
 n - an uncursed ring of magical power {unknown}
 p - an uncursed amulet of faith {unknown}
 q - a cursed ring of teleportation {unknown}
Scrolls
 b - 5 scrolls of identify {unknown}
 d - 3 scrolls of teleportation {unknown}
 g - a scroll of amnesia {unknown}
 i - 2 scrolls of immolation {unknown}
 l - a scroll of blinking {unknown}
Potions
 c - 5 potions of curing {unknown}
 e - 2 potions of degeneration {unknown}
 f - a potion of berserk rage {unknown}
 h - a potion of flight {unknown}
 j - 2 potions of magic {unknown}
 k - 2 potions of attraction {unknown}
 o - a potion of might {unknown}


   Skills:
 + Level 3.8 Dodging
 - Level 2.6 Stealth
 + Level 3.6 Spellcasting
 + Level 0.2 Hexes
 * Level 6.4 Summonings


You had 3 spell levels left.
You knew the following spells:

 Your Spells              Type           Power        Failure   Level
a - Summon Small Mammal   Summ           100%         1%          1
b - Call Imp              Summ           27%          1%          2
c - Call Canine Familiar  Summ           27%          3%          3
d - Summon Guardian Gole  Hex/Summ       16%          11%         3

Your spell library contained the following spells:

 Spells                   Type           Power        Failure   Level
 Summon Ice Beast         Ice/Summ       15%          36%         4
 Summon Lightning Spire   Summ/Air       15%          36%         4


Dungeon Overview and Level Annotations

Branches:
Dungeon (7/15)             Temple (1/1) D:6

Altars:
Cheibriados
Dithmenos
Gozag
Kikubaaqudgha
Makhleb
Nemelex Xobeh
Ru
Sif Muna
Trog
Uskayaw
Vehumet
Wu Jian
Xom
The Shining One

Shops:
D:6 (

Annotations:
D:7 Eryximachus's ghost, novice DESu


Innate Abilities, Weirdness & Mutations

You cannot wear most types of armour.
You are very stealthy in the water. (Stealth+)
You are amphibious.
You can wear up to eight rings at the same time.
You can use your tentacles to constrict eight enemies at once.
Your skin changes colour to match your surroundings (Stealth+).
Your rubbery body absorbs attacks. (AC +1, EV +1)


Message History

The orc priest looks encouraged for a moment.
The orc priest completely misses you.
You closely miss the orc priest. You grab the orc priest.
You squeeze the orc priest.
The orc priest is severely wounded.
You constrict the orc priest.
The orc priest invokes the aid of Beogh against you.
Beogh smites you!
* * * LOW HITPOINT WARNING * * *
You hit the orc priest but do no damage.
The orc priest is severely wounded.
You constrict the orc priest, but do no damage.
The orc priest hits you with a +0 whip.
* * * LOW HITPOINT WARNING * * *
The orc priest misses you.
You hit the orc priest but do no damage.
The orc priest is severely wounded.
You constrict the orc priest. The orc priest hits you with a +0 whip.
You die...
Your body crumbles into a pile of gold.

^.## #............#
# .##
#............# ..
.#####........##.##
#######
...))...>.....##.#
#......
########......##.#
#.#.... #......##.#
#.#.##. #......##.#
#...##. #########.#
#.####.
#@###############.
#.o............o..
##################


You could see an orc priest.

Vanquished Creatures
  A centaur (D:6)
  An iguana (D:3)
  4 gnolls (D:3)
  5 adders
  An ooze (D:2)
  2 worms
  A dart slug (D:3)
  An orc (D:6)
  2 giant cockroaches
  6 goblins
  3 hobgoblins (D:1)
  A ball python (D:3)
  5 bats
  3 frilled lizards
  2 kobolds
  5 rats
43 creatures vanquished.

Vanquished Creatures (collateral kills)
  A bullfrog (D:6)
  2 scorpions
  A bullfrog zombie (D:6)
  2 orc wizards (D:6)
  A worker ant (D:4)
  3 gnolls (D:3)
  4 adders
  2 dart slugs (D:2)
  3 leopard geckos
  3 orcs (D:6)
  2 ball pythons
  5 bats
  3 giant cockroaches
  5 goblins
  4 hobgoblins
  7 kobolds
  A quokka (D:7)
  2 frilled lizards
  9 rats
60 creatures vanquished.

Grand Total: 103 creatures vanquished

Notes
Turn   | Place    | Note
-------+----------+-------------------------------------------
     0 | D:1      | Zeld the Octopode Summoner began the quest for the Orb.
     0 | D:1      | Reached XP level 1. HP: 11/11 MP: 3/3
   684 | D:1      | Reached XP level 2. HP: 14/17 MP: 3/5
   750 | D:1      | Learned a level 2 spell: Call Imp
  1663 | D:2      | Reached XP level 3. HP: 16/21 MP: 3/6
  1667 | D:2      | Learned a level 3 spell: Call Canine Familiar
  1808 | D:2      | Found an ancient bone altar of Kikubaaqudgha.
  2368 | D:2      | Reached XP level 4. HP: 27/27 MP: 7/7
  2459 | D:2      | Found a snail-covered altar of Cheibriados.
  2827 | D:3      | Reached skill level 5 in Summonings
  2989 | D:3      | Found a radiant altar of Vehumet.
  3303 | D:3      | Reached XP level 5. HP: 11/31 MP: 2/9
  3588 | D:3      | Learned a level 3 spell: Summon Guardian Golem
  4173 | D:3      | Found a glowing golden altar of the Shining One.
  5162 | D:4      | You fall into a shaft and drop 3 floors!
  5270 | D:7      | Reached XP level 6. HP: 17/36 MP: 4/10
  5662 | D:7      | Noticed Eryximachus's ghost (novice DESu)
  5710 | D:6      | Found a sacrificial altar of Ru.
  6220 | D:6      | Found a staircase to the Ecumenical Temple.
  6242 | D:6      | Reached skill level 6 in Summonings
  6466 | Temple   | Entered the Ecumenical Temple
  6737 | Temple   | Became a worshipper of Gozag Ym Sagoz the Greedy
  6942 | D:6      | Found Dinadeygg's Antique Weapon Shoppe.
  7086 | D:6      | Noticed an orc warrior
  7087 | D:6      | Noticed a phantom
  7137 | D:6      | Slain by an orc priest

Illustrated notes

Levels and vault maps discovered:
D:1:      dpeg_arrival_rooms_b, layout_loops_ring
D:2:      layout_rooms, lemuel_doored_altar, nicolae_overflow_hidden_temple,
          kennysheep_slug_shrine, grunt_ministairs_6, minmay_split_cup_small
D:3:      minmay_recursive_quarters, layout_basic, tso_oasis_becter,
          vehumet_crystals
D:4:      layout_basic, grunt_temple_overflow_open, kennysheep_mini
D:6:      layout_basic, nicolae_ru_great_annihilating_truth,
          minmay_temple_entry_waves, serial_shops,
          nicolae_shop_temple_entry_statues_fountains, shop,
          uniq_prince_ribbit1, uniq_menkaure, uniq_sigmund
D:7:      layout_loops_corners, gammafunk_ghost_split, lemuel_blue_sif_altar
Temple:   compressed_dpeg_triangle_lava_temple

Skill      XL: |  1  2  3  4  5  6 |
---------------+-------------------+-----
Summonings     | 5 6 |  6.4
Dodging        | 3 |  3.8
Spellcasting   | 3 |  3.6
Stealth        | |  2.6
Hexes          | |  0.2

Action                   |  1- 3 |  4- 6 || total
-------------------------+-------+-------++-------
Melee: Hand axe          |    38 |    70 ||   108
       Constrict         |    13 |    19 ||    32
       Tentacles         |     3 |    13 ||    16
 Cast: Summon Small Mamm |    38 |     1 ||    39
       Call Imp          |    12 |    16 ||    28
       Call Canine Famil |       |    29 ||    29
 Stab: Sleeping          |     2 |     3 ||     5
Armor: Skin              |     4 |     4 ||     8
Dodge: Dodged            |    47 |    65 ||   112
